 Dungeon Sprint DCSS version 0.28-a0-224-g76b539d98b (webtiles) character file.

Game seed: 10590782217312381930

4432 Conn the Arsonist (level 10, -25/63 HPs)
             Began as an Octopode Fire Elementalist on Aug 21, 2021.
             Was a High Priest of Sif Muna.
             Killed by an exploding swamp dragon (41 damage)
             ... ignited by their inner flame
             ... in the Dungeon (Sprint VII: "The Pits").
             The game lasted 00:13:19 (1992 turns).

Conn the Arsonist (Octopode Fire Elementalist)      Turns: 1992, Time: 00:13:19

Health: -25/63     AC:  3    Str:  7    XL:     10   Next: 36%
Magic:  1/23       EV: 17    Int: 22    God:    Sif Muna [*****.]
Gold:   0          SH:  0    Dex: 20    Spells: 7/27 levels left

rFire   . . .      SeeInvis .   o - +2 rapier (venom)
rCold   . . .      Faith    .   (no shield)
rNeg    . . .      Spirit   .   (helmet restricted)
rPois   .          Reflect  .   (no amulet)
rElec   .          Harm     .   f - +3 ring of dexterity
rCorr   .          Rampage  .   k - +3 ring of dexterity
Will    .....      NoTele   +   (no ring)
Stlth   ++++++....              (no ring)
HPRegen 0.20/turn               (no ring)
MPRegen 0.18/turn               (no ring)
                                (no ring)
                                (no ring)

@: lethally poisoned (-25 -> -34)
A: almost no armour, amphibious, 8 rings, camouflage 1, gelatinous body 1,
(nimble swimmer 1), tentacles, iridescent scales 1, agile 1, frail 1, screaming
1, devolution 1
a: Renounce Religion, Channel Magic, Forget Spell, Divine Exegesis


You were in the Dungeon.
You worshipped Sif Muna.
Sif Muna was extremely pleased with you.
You visited 1 branch

Inventory:

Hand Weapons
 c - a +2 dagger of venom
 j - a +2 dagger
 o - a +2 rapier of venom (weapon)
Jewellery
 f - a +3 ring of dexterity (left tentacle)
 k - a +3 ring of dexterity (right tentacle)
Scrolls
 h - 5 scrolls of amnesia
Potions
 a - 4 potions of curing
 b - 7 potions of heal wounds
 d - 4 potions of magic
 e - a potion of berserk rage
 l - 2 potions of resistance
 m - 2 potions of brilliance
 n - a potion of mutation


   Skills:
 + Level 7.0 Fighting
 + Level 8.3 Short Blades
 + Level 7.0 Dodging
 - Level 10.6 Stealth
 + Level 1.7 Unarmed Combat
 + Level 9.1 Spellcasting
 * Level 9.0 Conjurations
 + Level 1.2 Hexes
 * Level 11.4 Fire Magic
 * Level 5.9 Air Magic
 - Level 6.5 Invocations


You had 7 spell levels left.
You knew the following spells:

 Your Spells              Type           Power      Damage    Failure   Level
a - Foxfire               Conj/Fire      100%       2x1d9     1%          1
b - Conjure Flame         Conj/Fire      53%        6-21      1%          3
c - Inner Flame           Hex/Fire       37%        N/A       1%          3
d - Sticky Flame          Conj/Fire      53%        2d7       1%          4
e - Fireball              Conj/Fire      26%        3d12      2%          5
f - Airstrike             Air            18%        N/A       6%          4

Your spell library contained the following spells:

 Spells                   Type           Power      Damage    Failure   Level
 Magic Dart               Conj           100%       1d8       1%          1
 Searing Ray              Conj           98%        3d7       1%          2
 Static Discharge         Conj/Air       42%        N/A       1%          2
 Sting                    Tmut/Pois      40%        1d5       7%          1
 Fulminant Prism          Conj/Hex       16%        3d11      9%          4
 Silence                  Hex/Air        12%        N/A       38%         5
 Orb of Destruction       Conj           24%        9d10      80%         7
 Alistair's Intoxication  Tmut/Pois      6%         N/A       88%         5
 Spellforged Servitor     Conj/Summ      14%        N/A       100%        7


Dungeon Overview and Level Annotations

Branches:
Dungeon (1/1)

Altars:
Ashenzari
Cheibriados
Dithmenos
Elyvilon
Fedhas
Gozag
Hepliaklqana
Kikubaaqudgha
Makhleb
Nemelex Xobeh
Okawaru
Qazlal
Ru
Sif Muna
Trog
Uskayaw
Vehumet
Wu Jian
Xom
Yredelemnul
Zin
The Shining One
Beogh
Jiyva
Lugonu


Innate Abilities, Weirdness & Mutations

You cannot wear most types of armour.
You are amphibious.
You can wear up to eight rings at the same time.
Your skin changes colour to match your surroundings (Stealth+).
Your rubbery body absorbs attacks. (AC +1, EV +1)
((You are camouflaged near water. (Stealth+)))
You have tentacles for arms and can constrict up to eight enemies at once.
You are partially covered in iridescent scales. (AC +2)
You are agile. (Dex +2)
You are frail. (-10% HP)
You occasionally shout uncontrollably at your foes.
You have hidden genetic defects.


Message History

Okay, then.
You are engulfed in poison gas.
You are lethally poisoned!
* * * LOW HITPOINT WARNING * * *
You feel extremely sick.
The swamp dragon is engulfed in blazing flames.
Flame seeps out of the swamp dragon.
Unknown command.
* * * LOW HITPOINT WARNING * * *
You feel very sick.
Unknown command.
You feel better.
Casting: Fireball (dangerous; 2% risk of failure)
Confirm with . or Enter, or press ? or * to list all spells.
Aiming: Sticky Flame (dangerous; 1% risk of failure)
Press: ? - help, Shift-Dir - straight line, f/p - swamp dragon
Aim: a swamp dragon (moderately wounded, inner flame, 100% to hit)
The sticky flame hits the swamp dragon.
Flame seeps out of the swamp dragon.
The swamp dragon is heavily wounded.
The swamp dragon is covered in liquid flames!
The swamp dragon burns!
Flame seeps out of the swamp dragon.
The swamp dragon is engulfed in blazing flames.
Flame seeps out of the swamp dragon.
The swamp dragon misses you. The swamp dragon closely misses you.
The swamp dragon misses you.
The swamp dragon burns!
Flame seeps out of the swamp dragon.
The swamp dragon is engulfed in blazing flames.
Flame seeps out of the swamp dragon.
The swamp dragon breathes poison at you.
The blast of poison misses you.
You are engulfed in poison gas.
You are poisoned.
* * * LOW HITPOINT WARNING * * *
You feel very sick.
The swamp dragon burns!
Flame seeps out of the swamp dragon.
The swamp dragon is engulfed in blazing flames.
Sif Muna accepts your kill.
The swamp dragon explodes!
The fiery explosion engulfs you!!!
Ouch! That really hurt!
You die...

############ #_________.#
#_________.#
#_______...###########++######
##########'##................#
#.?(.')))'.##....°.#..#......#
##########.##@○°.............+
#.)..).....○☼○☼.§............+
#)#####'#####§☼°§..#..#......#
#.#[[#.....##§§☼§....).......#
#.#))#####'#####'#####''######
#.#).#.....##......§##''#####
#.#))#.....##.......##)[....#.
#.#..###'####.......##.÷..###.
#.##'#.....##...<...##...##.'.


There were no monsters in sight!

Vanquished Creatures
  A sea snake (D)
  A swamp dragon (D)
  A phantasmal warrior (D)
  A deep elf pyromancer (D)
  A smoke demon (D)
  A red devil (D)
  Prince Ribbit (D)
  7 dream sheep (D)
  A redback (D)
  A tarantella (D)
  A fire bat (D)
  Edmund (D)
  Purgy (D)
  An acid dragon (D)
  A sky beast (D)
  A black bear (D)
  A wolf (D)
  A phantom (D)
  2 orc priests (D)
  An iguana (D)
  An orc wizard (D)
  A mummy (D)
  A white imp (D)
  An adder zombie (D)
  A worm (D)
  3 orcs (D)
  2 endoplasms (D)
  2 goblins (D)
  3 quokkas (D)
  2 bats (D)
  2 frilled lizards (D)
46 creatures vanquished.

Vanquished Creatures (others)
  88 foxfires (D)
88 creatures vanquished.

Grand Total: 134 creatures vanquished

Notes
Turn   | Place    | Note
-------+----------+-------------------------------------------
     0 | D        | Conn the Octopode Fire Elementalist began the quest for the
                  | Orb.
     0 | D        | Reached XP level 1. HP: 11/11 MP: 3/3
    58 | D        | Found a bloodstained altar of Trog.
    58 | D        | Found a shimmering blue altar of Sif Muna.
    58 | D        | Found a viscous altar of Jiyva.
    58 | D        | Found a hazy altar of Hepliaklqana.
    58 | D        | Found an opulent altar of Gozag.
    59 | D        | Found a glowing golden altar of the Shining One.
    59 | D        | Found a glowing silver altar of Zin.
    59 | D        | Found a basalt altar of Yredelemnul.
    59 | D        | Found a shimmering altar of Xom.
    59 | D        | Found an ornate altar of the Wu Jian Council.
    59 | D        | Found a sacrificial altar of Ru.
    59 | D        | Found a stormy altar of Qazlal.
    59 | D        | Found an iron altar of Okawaru.
    59 | D        | Found a sparkling altar of Nemelex Xobeh.
    59 | D        | Found a burning altar of Makhleb.
    59 | D        | Found a blossoming altar of Fedhas.
    59 | D        | Found a white marble altar of Elyvilon.
    59 | D        | Found a shadowy altar of Dithmenos.
    59 | D        | Found a snail-covered altar of Cheibriados.
    60 | D        | Found a radiant altar of Vehumet.
    60 | D        | Found a corrupted altar of Lugonu.
    61 | D        | Found an ancient bone altar of Kikubaaqudgha.
    61 | D        | Found a hide-covered altar of Uskayaw.
    61 | D        | Found a broken altar of Ashenzari.
    62 | D        | Became a worshipper of Sif Muna the Loreminder
   242 | D        | Reached skill level 4 in Fire Magic
   371 | D        | Reached * piety under Sif Muna
   373 | D        | Reached XP level 2. HP: 17/17 MP: 3/5
   397 | D        | Noticed a black bear
   470 | D        | Noticed Purgy
   472 | D        | Noticed a wolf
   473 | D        | Noticed a fire bat
   811 | D        | Reached ** piety under Sif Muna
   843 | D        | Killed a black bear
   844 | D        | Reached skill level 1 in Fighting
   844 | D        | Reached skill level 1 in Short Blades
   844 | D        | Reached skill level 6 in Fire Magic
   844 | D        | Reached XP level 3. HP: 23/23 MP: 4/8
   844 | D        | Reached XP level 4. HP: 28/28 MP: 5/10
   877 | D        | Learned a level 3 spell: Conjure Flame
   881 | D        | Learned a level 3 spell: Inner Flame
   886 | D        | Learned a level 4 spell: Sticky Flame
   943 | D        | Killed a fire bat
   944 | D        | Reached skill level 5 in Stealth
   944 | D        | Reached skill level 1 in Unarmed Combat
   944 | D        | Reached skill level 5 in Spellcasting
   944 | D        | Reached skill level 7 in Fire Magic
   944 | D        | Reached skill level 5 in Invocations
   944 | D        | Reached XP level 5. HP: 33/33 MP: 10/12
   944 | D        | Reached XP level 6. HP: 38/38 MP: 10/13
   950 | D        | Reached *** piety under Sif Muna
   968 | D        | Killed Purgy
   973 | D        | Reached skill level 8 in Fire Magic
   975 | D        | Reached **** piety under Sif Muna
   984 | D        | HP: 1/40 [wolf (9)]
   993 | D        | Reached XP level 7. HP: 11/45 MP: 3/16
  1238 | D        | Learned a level 5 spell: Fireball
  1267 | D        | Noticed Prince Ribbit
  1271 | D        | Killed Prince Ribbit
  1272 | D        | Reached skill level 5 in Dodging
  1272 | D        | Reached skill level 5 in Conjurations
  1273 | D        | Noticed a tarantella
  1276 | D        | Killed a tarantella
  1277 | D        | Reached skill level 9 in Fire Magic
  1280 | D        | Reached ***** piety under Sif Muna
  1281 | D        | Reached XP level 8. HP: 45/54 MP: 9/18
  1284 | D        | Received a gift from Sif Muna
  1288 | D        | Got Sif Muna's Handbook of Mutagenic Flight {god gift}
  1301 | D        | Learned a level 4 spell: Airstrike
  1330 | D        | Noticed a redback
  1335 | D        | Killed a redback
  1336 | D        | Reached skill level 5 in Short Blades
  1374 | D        | Gained mutation: You have hidden genetic defects. [potion
                  | of mutation]
  1374 | D        | Gained mutation: You are agile. (Dex +2) [potion of
                  | mutation]
  1374 | D        | Gained mutation: You are partially covered in iridescent
                  | scales. (AC +2) [potion of mutation]
  1376 | D        | Gained mutation: You are frail. (-10% HP) [hidden defects]
  1552 | D        | Reached skill level 5 in Fighting
  1616 | D        | Noticed a smoke demon
  1620 | D        | Noticed a deep elf pyromancer
  1622 | D        | Killed a smoke demon
  1625 | D        | Killed a deep elf pyromancer
  1625 | D        | Received a gift from Sif Muna
  1626 | D        | Reached skill level 10 in Stealth
  1626 | D        | Reached XP level 9. HP: 55/55 MP: 20/20
  1628 | D        | Got Vasidyr's Handbook of Attacks and Transformation {god
                  | gift}
  1641 | D        | Gained mutation: You have terrible hidden genetic defects.
                  | [hidden defects]
  1641 | D        | Lost mutation: You have terrible hidden genetic defects.
                  | [hidden defects expressed]
  1642 | D        | Noticed a red devil
  1642 | D        | Noticed a phantasmal warrior
  1657 | D        | Killed a phantasmal warrior
  1714 | D        | Noticed Edmund
  1715 | D        | Noticed a sea snake
  1719 | D        | Noticed a swamp dragon
  1739 | D        | Killed Edmund
  1740 | D        | Reached skill level 10 in Fire Magic
  1744 | D        | Reached skill level 1 in Hexes
  1753 | D        | Received a gift from Sif Muna
  1754 | D        | Reached XP level 10. HP: 48/62 MP: 1/22
  1764 | D        | Killed a sea snake
  1765 | D        | Reached skill level 11 in Fire Magic
  1765 | D        | Reached skill level 5 in Air Magic
  1781 | D        | Gained mutation: You occasionally shout uncontrollably at
                  | your foes. [hidden defects]
  1992 | D        | Killed a swamp dragon
  1992 | D        | Killed by an exploding swamp dragon... ignited by their
                  | inner flame

Illustrated notes

Levels and vault maps discovered:
D:        pitsprint [storerooms_1, entrance_room_1, metal_vault_6, armoury_2,
          mini_pit_1, grid_room_1, main_hall_1, silver_pit, the_coven_1,
          the_vestibule_1, steel_vault_2, golden_pit, hallway_of_sentries,
          crystal_vault_3, iron_vault_1, final_vault]

Skill      XL: |  1  2  3  4  5  6  7  8  9 10 |
---------------+-------------------------------+-----
Stealth        | 3 4 5 6 7 10 | 10.6
Fire Magic     | 4 6 7 8 9 10 11 | 11.4
Fighting       | 1 2 4 6 7 |  7.0
Short Blades   | 1 2 3 4 6 7 8 |  8.3
Dodging        | 3 4 5 6 7 |  7.0
Spellcasting   | 4 5 6 7 8 9 |  9.1
Conjurations   | 2 3 4 5 6 8 9 |  9.0
Invocations    | 3 5 6 |  6.5
Unarmed Combat | 1 |  1.7
Air Magic      | 4 5 |  5.9
Hexes          | 1 |  1.2

Action                   |  1- 3 |  4- 6 |  7- 9 | 10-12 || total
-------------------------+-------+-------+-------+-------++-------
Melee: Unarmed           |     5 |       |       |       ||     5
       Constrict         |     3 |     8 |     1 |     2 ||    14
       Tentacles         |     2 |     4 |       |     1 ||     7
       Dagger            |     3 |    19 |     9 |       ||    31
       Rapier            |       |       |     4 |     8 ||    12
 Cast: Foxfire           |    15 |     2 |    27 |     7 ||    51
       Sticky Flame      |       |     2 |     2 |     1 ||     5
       Fireball          |       |       |     3 |     1 ||     4
       Inner Flame       |       |       |     2 |     1 ||     3
       Airstrike         |       |       |       |     3 ||     3
  Use: Potion            |     2 |     6 |     2 |     2 ||    12
       Scroll            |     1 |       |     1 |       ||     2
 Stab: Sleeping          |     1 |       |     9 |       ||    10
       Invisible         |       |       |     1 |     4 ||     5
Armor: Skin              |       |       |     2 |       ||     2
Dodge: Dodged            |     6 |    34 |    11 |    10 ||    61

Table legend: (Time is in decaauts)
 A = Elapsed time spent in this place.
 B = Non-inter-level travel time spent in this place.
 C = Inter-level travel time spent in this place.
 D = Time resting spent in this place.
 E = Time spent auto-exploring this place.
 F = Levels seen in this place.
 G = Mean time per level.
                   A        B        C        D        E       F      G
               +--------+--------+--------+--------+--------+-----+--------+
         Total |   1982 |   1982 |      0 |   1217 |      0 |   1 | 1982.0 |
       Dungeon |   1982 |   1982 |      0 |   1217 |      0 |   1 | 1982.0 |
               +--------+--------+--------+--------+--------+-----+--------+

Top non-repeatable levels by time:
       D: 1982 daAuts
